 Dungeon Crawl Stone Soup version 0.29-a0-775-g4d7333d4e2 (webtiles) character file.

Game seed: 8270598701385671949

28 gobodom the Conjurer (level 3, 0/21 HPs)
             Began as an Octopode Conjurer on July 1, 2022.
             Slain by a rat (1 damage)
             ... on level 2 of the Dungeon.
             The game lasted 00:01:58 (1128 turns).

gobodom the Conjurer (Octopode Conjurer)            Turns: 1128, Time: 00:01:59

Health: 0/21       AC:  1    Str:  8    XL:     3   Next: 12%
Magic:  2/6        EV: 13    Int: 20    God:
Gold:   65         SH:  0    Dex: 10    Spells: 5/6 levels left

rFire   . . .      SeeInvis .   (no weapon)
rCold   . . .      Faith    .   (no shield)
rNeg    . . .      Spirit   .   (helmet restricted)
rPois   .          Reflect  .   (no amulet)
rElec   .          Harm     .   (no ring)
rCorr   .          Rampage  .   (no ring)
Will    .....                   (no ring)
Stlth   +++.......              (no ring)
HPRegen 0.07/turn               (no ring)
MPRegen 0.10/turn               (no ring)
                                (no ring)
                                (no ring)

@: no status effects
A: almost no armour, amphibious, 8 rings, camouflage 1, gelatinous body 1,
(nimble swimmer 1), tentacles
a: no special abilities


You were on level 2 of the Dungeon.
You visited 1 branch of the dungeon, and saw 2 of its levels.

You collected 65 gold pieces.

Inventory:

Scrolls
 d - 4 scrolls of identify {unknown}
 e - 2 scrolls of fog {unknown}
 f - a scroll of blinking {unknown}
Potions
 a - a potion of magic
 b - a potion of attraction {unknown}
 c - 2 potions of mutation {unknown}


   Skills:
 + Level 2.0 Dodging
 + Level 2.7 Stealth
 + Level 2.3 Spellcasting
 + Level 4.7 Conjurations


You had 5 spell levels left.
You knew the following spells:

 Your Spells              Type           Power      Damage    Failure   Level
a - Magic Dart            Conj           84%        1d7       2%          1

Your spell library contained the following spells:

 Spells                   Type           Power      Damage    Failure   Level
 Searing Ray              Conj           42%        2d6       3%          2
 Dazzling Flash           Conj/Hex       22%        N/A       17%         3
 Fulminant Prism          Conj/Hex       5%         3d7       50%         4
 Iskenderun's Mystic Bla  Conj/Tloc      11%        2d4       50%         4


Dungeon Overview and Level Annotations

Branches:
Dungeon (2/15)

Altars:


Innate Abilities, Weirdness & Mutations

You cannot wear most types of armour.
You are amphibious.
You can wear up to eight rings at the same time.
Your skin changes colour to match your surroundings (Stealth+).
Your rubbery body absorbs attacks. (AC +1, EV +1)
((You are camouflaged when in or above water. (Stealth+)))
You have tentacles for arms and can constrict up to eight enemies at once.


Message History

You tentacle-slap the bat. You grab the bat.
The bat is heavily wounded.
You constrict the bat. The bat barely misses you.
The bat struggles to escape constriction.
The jackal bites you. x2; The bat escapes!
You tentacle-slap the jackal. You grab the jackal.
The jackal is almost dead.
You constrict the jackal.
You kill the jackal!
The bat hits you but does no damage. The ball python closely misses you. x2
You barely miss the ball python. You grab the ball python.
Your squeeze misses the ball python. You constrict the ball python.
The ball python bites you but does no damage.
The ball python grabs you. The ball python constricts you.
You tentacle-slap the ball python. You squeeze the ball python.
You kill the ball python!
The bat hits you but does no damage.
You tentacle-slap the hobgoblin. You grab the hobgoblin.
The hobgoblin is severely wounded.
You constrict the hobgoblin. The bat hits you but does no damage. x2
The hobgoblin completely misses you.
You tentacle-slap the worm. Your grab misses the worm.
The worm is lightly wounded.
You constrict the hobgoblin. The bat barely misses you. The hobgoblin hits you.
The worm bites you!
* * * LOW HITPOINT WARNING * * *
You tentacle-slap the worm but do no damage.
You grab the worm. You constrict the hobgoblin.
You kill the hobgoblin!
You constrict the worm.
The rat twitches its whiskers.
You tentacle-slap the worm but do no damage.
The worm is lightly wounded.
You constrict the worm. The worm barely misses you. The rat barely misses you.
The rat closely misses you.
You barely miss the worm.
The worm is lightly wounded.
You constrict the worm, but do no damage.
The rat completely misses you. The rat bites you.
You die...

### ### # ...
... .# ##.#
#.# .#
.......$.#
#.#.#.#..####
##.>.wr......
...#@#
#####.#r#
(...b...#
........#
##:###..# #
#..# ##..#
#..<#
..)...#.#


You could see a worm and 2 rats.

Vanquished Creatures
  An endoplasm (D:1)
  2 giant cockroaches (D:1)
  2 goblins (D:1)
  5 hobgoblins
  3 jackals (D:2)
  2 quokkas (D:1)
  3 ball pythons
  A bat (D:1)
  A frilled lizard (D:1)
  A kobold (D:1)
  3 rats (D:1)
24 creatures vanquished.

Notes
Turn   | Place    | Note
-------+----------+-------------------------------------------
     0 | D:1      | gobodom the Octopode Conjurer began the quest for the Orb.
     0 | D:1      | Reached XP level 1. HP: 11/11 MP: 3/3
   407 | D:1      | Reached XP level 2. HP: 17/17 MP: 3/5
  1111 | D:2      | Reached XP level 3. HP: 21/21 MP: 1/6
  1125 | D:2      | HP: 1/21 [worm (10)]
  1128 | D:2      | Slain by a rat

Illustrated notes

Levels and vault maps discovered:
D:1:      zelgadis_glass_arrival_small, layout_basic
D:2:      layout_loops_ring, serial_shops, nicolae_shop_waterfront,
          uniq_crazy_yiuf_cottage

Action                   || total
-------------------------++-------
Melee: Unarmed           ||    11
       Tentacles         ||     2
       Constrict         ||     5
 Cast: Magic Dart        ||    38
Armor: Skin              ||     6
Dodge: Dodged            ||    21

Table legend: (Time is in decaauts)
 A = Elapsed time spent in this place.
 B = Non-inter-level travel time spent in this place.
 C = Inter-level travel time spent in this place.
 D = Time resting spent in this place.
 E = Time spent auto-exploring this place.
 F = Levels seen in this place.
 G = Mean time per level.
                   A        B        C        D        E       F      G
               +--------+--------+--------+--------+--------+-----+--------+
         Total |   1127 |   1090 |     37 |      0 |    983 |   2 |  563.5 |
       Dungeon |   1127 |   1090 |     37 |      0 |    983 |   2 |  563.5 |
               +--------+--------+--------+--------+--------+-----+--------+

Top non-repeatable levels by time:
     D:1: 1105 daAuts
     D:2: 22 daAuts
